 Dungeon Crawl Stone Soup version 0.29-a0-451-gfbfa42419e (webtiles) character file.

Game seed: 13704721651430822558

3074 bladeefan the Grappler (level 9, -6/133 HPs)
             Began as a Troll Berserker on May 19, 2022.
             Was an Elder of Trog.
             Mangled by a spriggan
             ... wielding the +1 trident "Muoh" {flame, *Slow rElec rC+++ Str+3}
              (11 damage)
             ... on level 8 of the Dungeon.
             The game lasted 00:08:46 (5844 turns).

bladeefan the Grappler (Troll Berserker)            Turns: 5844, Time: 00:08:47

Health: -6/133     AC:  4    Str: 31    XL:     9   Next: 58%
Magic:  17/17      EV: 11    Int:  3    God:    Trog [****..]
Gold:   438        SH:  0    Dex:  9    Spells: 8/8 levels left

rFire   . . .      SeeInvis .     - Unarmed
rCold   + . .      Faith    .   (no shield)
rNeg    . . .      Spirit   .   a - +0 animal skin
rPois   .          Reflect  .   (helmet restricted)
rElec   .          Harm     .   (no cloak)
rCorr   .          Rampage  .   (gloves unavailable)
Will    ++...                   (boots unavailable)
Stlth   ..........              (no amulet)
HPRegen 2.12/turn               o - ring of protection from cold
MPRegen 0.15/turn               m - ring of magical power

@: berserking, strong-willed, regenerating, very quick
A: large, unfitting armour, claws 3, regeneration 1, shaggy fur 1, tough skin 1
a: Renounce Religion, Berserk, Trog's Hand, Brothers in Arms


You were on level 8 of the Dungeon.
You worshipped Trog.
Trog was greatly pleased with you.
You visited 1 branch of the dungeon, and saw 8 of its levels.

You collected 438 gold pieces.

Inventory:

Missiles
 r - 2 throwing nets (quivered) {!f}
Armour
 a - a +0 animal skin (worn)
Jewellery
 m - a ring of magical power (right claw)
   (You found it on level 2 of the Dungeon)
 o - a ring of protection from cold (left claw)
   (You found it on level 2 of the Dungeon)
 z - a ring of protection from cold
   (You found it on level 6 of the Dungeon)
 B - a ring of protection from cold
   (You found it on level 5 of the Dungeon)
Wands
 t - a wand of flame (17)
   (You found it on level 3 of the Dungeon)
 v - a wand of digging (3)
   (You took it off Natasha on level 3 of the Dungeon)
 D - a wand of polymorph (8)
   (You took it off an orc on level 6 of the Dungeon)
Scrolls
 c - 4 scrolls of fog
 f - a scroll of amnesia {unknown}
 h - 3 scrolls of enchant weapon
 k - 2 scrolls of silence
 l - 3 scrolls of noise {!r}
 n - a scroll of torment {!r}
 p - 2 scrolls of magic mapping {unknown}
 q - a scroll of enchant armour {unknown}
 w - 2 scrolls of vulnerability {!r}
 x - a scroll of immolation {!r}
 y - a scroll of blinking {unknown}
 A - 2 scrolls of poison {!r}
 F - a scroll of identify {@r1}
Potions
 b - a potion of lignification {!q}
 d - 2 potions of might {unknown}
 e - 7 potions of curing {unknown}
 g - 2 potions of heal wounds {unknown}
 i - a potion of magic {unknown}
 j - 2 potions of brilliance {unknown}
 s - a potion of haste {unknown}
 u - 2 potions of mutation {unknown}
 C - 2 potions of attraction {unknown}
 E - a potion of degeneration {unknown}


   Skills:
 + Level 6.1 Fighting
 + Level 6.1 Dodging
 * Level 10.1 Unarmed Combat


You had 8 spell levels left.
You didn't know any spells.
Your spell library was empty.

Dungeon Overview and Level Annotations

Branches:
Dungeon (8/15)             Temple (0/1) D:4
   Lair: D:8-11

Altars:
Wu Jian

Shops:
D:4 (

Annotations:
D:8 OTABOTABOTAB's ghost, novice TrMo


Innate Abilities, Weirdness & Mutations

You are too large for most types of armour.
You have claws for hands.
Your natural rate of healing is unusually fast.
You are covered in fur. (AC +1)
You have tough skin. (AC +1)


Message History

You feel strong-willed.
The polar bear bites you but does no damage.
The polar bear closely misses you. The polar bear claws you.
* * * LOW HITPOINT WARNING * * *
The spriggan hits you from afar with the +1 trident "Muoh" {flame, *Slow rElec rC+++ Str+3}.
* * * LOW HITPOINT WARNING * * *
The spriggan burns you.
* * * LOW HITPOINT WARNING * * *
A red film seems to cover your vision as you go berserk!
You feel yourself moving faster!
You feel mighty! The polar bear bites you.
* * * LOW HITPOINT WARNING * * *
The polar bear closely misses you. The polar bear claws you.
* * * LOW HITPOINT WARNING * * *
The spriggan misses you.
OTABOTABOTAB's ghost lets out a mournful wail.
You scratch the polar bear but do no damage.
Your claw misses the polar bear.
Unknown command.
You mangle the polar bear!! The polar bear completely misses you.
The polar bear claws you but does no damage.
The polar bear claws you.
* * * LOW HITPOINT WARNING * * *
The spriggan closely misses you.
You mangle the polar bear!!
You kill the polar bear!
Trog accepts your kill.
Your Unarmed Combat skill increases to level 10!
The spriggan hits you with the +1 trident "Muoh" {flame, *Slow rElec rC+++ Str+3}!
* * * LOW HITPOINT WARNING * * *
The spriggan burns you.
* * * LOW HITPOINT WARNING * * *
OTABOTABOTAB's ghost closely misses you.
You closely miss OTABOTABOTAB's ghost.
The spriggan hits you with the +1 trident "Muoh" {flame, *Slow rElec rC+++ Str+3}.
* * * LOW HITPOINT WARNING * * *
The spriggan burns you.
* * * LOW HITPOINT WARNING * * *
OTABOTABOTAB's ghost hits you!
* * * LOW HITPOINT WARNING * * *
You claw OTABOTABOTAB's ghost!
Unknown command.
You claw OTABOTABOTAB's ghost!
The spriggan hits you with the +1 trident "Muoh" {flame, *Slow rElec rC+++ Str+3}!
* * * LOW HITPOINT WARNING * * *
The spriggan burns you.
* * * LOW HITPOINT WARNING * * *
OTABOTABOTAB's ghost hits you.
* * * LOW HITPOINT WARNING * * *
The spriggan hits you from afar with the +1 trident "Muoh" {flame, *Slow rElec rC+++ Str+3}!
You die...

#............######..
#...........###....<.
##..#........##.......
###...#........##.......
#..............#........
##.............##.......
#.....##......##.......
##....####..#####......
####.@#W...#♣♣♣####...
##....i...#h.♣ ####
#....##...##.♣♣ #..
##...###..⌠#..♣♣ ##.
#.###.....#...♣.♣ #. ###
##....'.♣!..♣##.
#....#♣...♣♣#..
###.⌠#....♣ #..
#.##♣...♣ #..


You could see a spriggan.

Vanquished Creatures
  A polar bear (D:8)
  Grinder (D:5)
  2 steam dragons
  A water moccasin (D:6)
  An acid dragon (D:8)
  An ice beast (D:8)
  A sky beast (D:6)
  An ogre (D:4)
  2 kobold brigands
  A phantom (D:5)
  4 bullfrogs
  A necrophage (D:5)
  3 scorpions
  10 wights
  A howler monkey (D:6)
  4 hounds
  2 jellies
  2 orc priests
  3 iguanas
  4 orc wizards
  Natasha (thrice) (D:3)
  6 adders
  2 white imps
  An ufetubus (D:4)
  17 orcs
  7 ball pythons
  8 endoplasms
  2 giant cockroaches
  8 goblins
  4 hobgoblins
  4 jackals (D:2)
  22 kobolds
  3 quokkas
  4 bats
  4 frilled lizards
  5 rats
146 creatures vanquished.

Vanquished Creatures (others)
  3 fungi (D:8)
  5 plants (D:8)
8 creatures vanquished.

Grand Total: 154 creatures vanquished

Notes
Turn   | Place    | Note
-------+----------+-------------------------------------------
     0 | D:1      | bladeefan the Troll Berserker began the quest for the Orb.
     0 | D:1      | Reached XP level 1. HP: 22/22 MP: 0/0
   169 | D:1      | Reached XP level 2. HP: 29/29 MP: 1/1
   811 | D:2      | Reached XP level 3. HP: 27/36 MP: 2/2
   824 | D:2      | Reached ** piety under Trog
  1301 | D:2      | Reached skill level 4 in Unarmed Combat
  1382 | D:3      | Reached XP level 4. HP: 45/45 MP: 3/3
  1439 | D:3      | Noticed Natasha
  1445 | D:3      | Killed Natasha
  1544 | D:3      | Noticed Natasha
  1553 | D:3      | Killed Natasha
  1554 | D:3      | Reached XP level 5. HP: 39/53 MP: 4/4
  1845 | D:3      | Noticed Natasha
  1863 | D:3      | Killed Natasha
  2138 | D:4      | Reached skill level 5 in Unarmed Combat
  2160 | D:4      | Found a staircase to the Ecumenical Temple.
  2169 | D:4      | Found Deoxzor's Weapon Shop.
  2183 | D:4      | Noticed an ogre
  2189 | D:4      | Killed an ogre
  2190 | D:4      | Reached XP level 6. HP: 53/61 MP: 5/5
  2911 | D:5      | Entered Level 5 of the Dungeon
  2951 | D:5      | Reached *** piety under Trog
  2990 | D:5      | Reached skill level 6 in Unarmed Combat
  3006 | D:5      | Reached XP level 7. HP: 65/68 MP: 6/6
  3473 | D:6      | Noticed Grinder
  3495 | D:5      | Reached skill level 7 in Unarmed Combat
  3495 | D:5      | Killed Grinder
  3496 | D:5      | Reached XP level 8. HP: 28/79 MP: 7/7
  3653 | D:6      | Identified the +0 pair of boots of the Devil {rF+}
  3884 | D:6      | Reached skill level 8 in Unarmed Combat
  4027 | D:6      | Reached skill level 5 in Fighting
  4027 | D:6      | Reached skill level 5 in Dodging
  4241 | D:6      | Identified the +1 short sword of False Hope {vorpal, rPois
                  | rF+}
  4462 | D:7      | Reached **** piety under Trog
  4602 | D:7      | Reached XP level 9. HP: 49/88 MP: 8/8
  4737 | D:7      | Found an ornate altar of the Wu Jian Council.
  4783 | D:7      | Reached skill level 9 in Unarmed Combat
  5348 | D:8      | Found a runed translucent door.
  5350 | D:8      | Noticed OTABOTABOTAB's ghost (novice TrMo)
  5350 | D:8      | Identified the +1 trident "Muoh" {flame, *Slow rElec rC+++
                  | Str+3}
  5351 | D:8      | Noticed a polar bear
  5839 | D:8      | Killed a polar bear
  5840 | D:8      | Reached skill level 10 in Unarmed Combat
  5843 | D:8      | HP: 4/133 [OTABOTABOTAB's ghost (5)]
  5844 | D:8      | Mangled by a spriggan

Illustrated notes

Levels and vault maps discovered:
D:1:      dpeg_arrival_rooms_a, layout_basic
D:2:      layout_basic, minivault_26
D:3:      layout_basic, uniq_natasha
D:4:      layout_basic, minmay_temple_entry_offerings, serial_shops,
          nicolae_shop_bloodbath_and_beyond, kennysheep_generic_room_3
D:5:      layout_rooms
D:6:      layout_basic, nrook_loot_triangle, uniq_grinder
D:7:      layout_loops_ring, pdpol_wu_jian_five_deadly_venoms, minivault_19,
          hangedman_decor_riveting
D:8:      layout_cave_pools, ebering_ghost_funeral_grove

Skill      XL: |  1  2  3  4  5  6  7  8  9 |
---------------+----------------------------+-----
Unarmed Combat | 4 5 6 7 8 10 | 10.1
Fighting       | 3 4 5 6 |  6.1
Dodging        | 3 4 5 6 |  6.1

Action                   |  1- 3 |  4- 6 |  7- 9 || total
-------------------------+-------+-------+-------++-------
Melee: Unarmed           |   102 |   114 |   208 ||   424
       Punch             |     2 |     4 |    13 ||    19
Invok: Berserk           |       |       |     2 ||     2
       Trog's Hand       |       |       |     2 ||     2
  Use: Scroll            |     2 |     5 |     1 ||     8
 Stab: Sleeping          |       |       |     1 ||     1
Armor: Animal skin       |    42 |    25 |    54 ||   121
Dodge: Dodged            |    72 |    49 |   114 ||   235

Table legend: (Time is in decaauts)
 A = Elapsed time spent in this place.
 B = Non-inter-level travel time spent in this place.
 C = Inter-level travel time spent in this place.
 D = Time resting spent in this place.
 E = Time spent auto-exploring this place.
 F = Levels seen in this place.
 G = Mean time per level.
                   A        B        C        D        E       F      G
               +--------+--------+--------+--------+--------+-----+--------+
         Total |   5813 |   5623 |    190 |     86 |   4543 |   8 |  726.6 |
       Dungeon |   5813 |   5623 |    190 |     86 |   4543 |   8 |  726.6 |
               +--------+--------+--------+--------+--------+-----+--------+

Top non-repeatable levels by time:
     D:6: 1013 daAuts
     D:4: 828 daAuts
     D:1: 777 daAuts
     D:7: 745 daAuts
     D:3: 721 daAuts
     D:8: 622 daAuts
     D:2: 581 daAuts
     D:5: 522 daAuts
